 Dungeon Crawl Stone Soup version 0.28.0-1-gb440e238dd (webtiles) character file.

Game seed: 3725706188659446302

203 issech the Cudgeller (level 5, -3/53 HPs)
             Began as a Troll Monk on Feb 26, 2022.
             Slain by an orc wizard (4 damage)
             ... on level 4 of the Dungeon.
             The game lasted 00:10:58 (2808 turns).

issech the Cudgeller (Troll Monk)                   Turns: 2808, Time: 00:11:00

Health: -3/53      AC:  4    Str: 19    XL:     5   Next: 51%
Magic:  4/4        EV: 11    Int:  8    God:
Gold:   715        SH:  0    Dex: 18    Spells: 4/4 levels left

rFire   . . .      SeeInvis .   a - +0 mace
rCold   . . .      Faith    .   (no shield)
rNeg    . . .      Spirit   .   p - +0 robe of Vehumet's Regard {Fly Int+2 Dex+4}
rPois   .          Reflect  .   (helmet restricted)
rElec   .          Harm     .   (no cloak)
rCorr   .          Rampage  .   (gloves unavailable)
Will    .....                   (boots unavailable)
Stlth   +.........              (no amulet)
HPRegen 0.97/turn               (no ring)
MPRegen 0.09/turn               (no ring)

@: confused, flying
A: large, unfitting armour, claws 3, regeneration 1, shaggy fur 1, tough skin 1
a: no special abilities


You were on level 4 of the Dungeon.
You visited 1 branch of the dungeon, and saw 4 of its levels.

You collected 971 gold pieces.
You spent 256 gold pieces at shops.

Inventory:

Hand Weapons
 a - a +0 mace (weapon)
 e - a +0 short sword of venom
 i - a +0 hunting sling
Missiles
 c - 73 stones (quivered)
 h - 86 sling bullets
 j - 6 atropa-tipped darts
 k - 56 arrows
Armour
 b - a +0 robe
 p - the +0 robe of Vehumet's Regard (worn) {Fly Int+2 Dex+4}
   (You bought it in a shop on level 2 of the Dungeon)

   Int:       It affects your intelligence (+2).
   Dex:       It affects your dexterity (+4).
   Fly:       It grants you flight.
 r - a +0 animal skin
Wands
 o - a wand of polymorph (2)
Scrolls
 f - a scroll of enchant weapon
 g - a scroll of holy word
 m - 2 scrolls of amnesia {unknown}
 n - 2 scrolls of fear
 q - a scroll of teleportation {unknown}
 s - 2 scrolls of vulnerability {unknown}
Potions
 d - a potion of magic {unknown}
 l - a potion of berserk rage {unknown}


   Skills:
 + Level 3.3 Fighting
 + Level 4.2 Maces & Flails
 + Level 3.3 Dodging
 + Level 1.3 Stealth


You had 4 spell levels left.
You didn't know any spells.
Your spell library contained the following spells:

 Spells                   Type           Power      Damage    Failure   Level
 Sandblast                Erth           0%         2d4       41%         1
 Passwall                 Tmut/Erth      0%         N/A       54%         2
 Stone Arrow              Conj/Erth      0%         3d7       78%         3


Dungeon Overview and Level Annotations

Branches:
Dungeon (4/15)
 Temple: D:4-7

Altars:
Okawaru

Shops:
D:2 *

Annotations:
D:3 2 runed translucent doors, hikkokomori's ghost, amateur GrEE
D:4 3 runed translucent doors, axecop's ghost, weakling HODe


Innate Abilities, Weirdness & Mutations

You are too large for most types of armour.
You have claws for hands.
Your natural rate of healing is unusually fast.
You are covered in fur. (AC +1)
You have tough skin. (AC +1)


Message History

The goblin barely misses you.
You're too confused to move!
The orc wizard hits you with a +0 dagger.
Something hits you. The goblin barely misses you.
You hit something.
The orc wizard hits you with a +0 dagger.
Something hits you. The goblin barely misses you.
The orc wizard casts a spell at you.
You are more confused.
You hear some strange, mumbled words.
A puff of flame appears from out of thin air!
The puff of flame hits you. The goblin hits you but does no damage.
You're too confused to move!
The goblin hits you but does no damage.
The orc wizard hits you with a +0 dagger.
You completely miss the orc wizard.
The orc wizard is lightly wounded.
You hear some strange, mumbled words.
A magic dart appears from out of thin air!
The magic dart hits you!
* * * LOW HITPOINT WARNING * * *
The goblin hits you with a +0 club.
* * * LOW HITPOINT WARNING * * *
The orc wizard barely misses you.
The orc wizard mumbles some strange words.
The orc wizard flickers and vanishes!
A goblin comes into view. It is wielding a +0 dagger.
Something hits you.
* * * LOW HITPOINT WARNING * * *
You hear some strange, mumbled words.
A puff of flame appears from out of thin air!
The puff of flame hits you!
* * * LOW HITPOINT WARNING * * *
Something hits you but does no damage.
You miss something.
You hear some strange, mumbled words.
A magic dart appears from out of thin air!
The magic dart hits you!
* * * LOW HITPOINT WARNING * * *
Something hits you.
You die...

..... ..# ... ..... ....#
######... ##+######..#
.....#..###...##.##..######### #
.#...#........................
+..#.#..#........................
+.....$.#........................
+..#.#[.#......{.................
#...#...#.....g{@................
#...WS..#..)..##.##...#..#..###..
#########...####.############ ###
............# ... .......)....#
#.... .........#### #.....
.........# #....g. ##########
#.......


You could see a goblin.

Vanquished Creatures
  A bullfrog skeleton (D:4)
  A jelly (D:4)
  Ijyb (D:3)
  Robin (D:4)
  2 worms (D:2)
  A dart slug (D:1)
  4 orcs (D:3)
  5 bats
  7 endoplasms
  3 giant cockroaches
  15 goblins
  8 hobgoblins
  2 quokkas
  6 ball pythons
  4 frilled lizards
  6 kobolds
  A rat (D:2)
68 creatures vanquished.

Vanquished Creatures (others)
  2 orc wizards (D:4)
2 creatures vanquished.

Grand Total: 70 creatures vanquished

Notes
Turn   | Place    | Note
-------+----------+-------------------------------------------
     0 | D:1      | issech the Troll Monk began the quest for the Orb.
     0 | D:1      | Reached XP level 1. HP: 22/22 MP: 0/0
    92 | D:1      | Reached skill level 3 in Maces & Flails
   178 | D:1      | Reached XP level 2. HP: 29/29 MP: 1/1
   552 | D:1      | Found a faded altar of an unknown god.
   805 | D:2      | Reached XP level 3. HP: 36/36 MP: 2/2
   897 | D:2      | Found an iron altar of Okawaru.
  1125 | D:2      | Found Zolatweh's Assorted Antiques.
  1724 | D:3      | Found a large runed translucent door.
  1725 | D:3      | Found a large runed translucent door.
  1725 | D:3      | Noticed hikkokomori's ghost (amateur GrEE)
  2102 | D:3      | Noticed Ijyb
  2178 | D:3      | Killed Ijyb
  2179 | D:3      | Reached skill level 4 in Maces & Flails
  2179 | D:3      | Reached XP level 4. HP: 44/44 MP: 3/3
  2431 | D:3      | Identified a scroll of acquirement
  2432 | D:3      | Acquired 864 gold pieces
  2497 | D:2      | Bought a scroll of identify for 48 gold pieces
  2497 | D:2      | Bought a scroll labelled WEMIGU MIRENT for 24 gold pieces
  2497 | D:2      | Bought a scroll labelled OMANUX RIME for 24 gold pieces
  2497 | D:2      | Bought a creamy pearl robe for 136 gold pieces
  2497 | D:2      | Identified the +0 robe of Vehumet's Regard {Fly Int+2
                  | Dex+4} (You bought it in a shop on level 2 of the Dungeon)
  2497 | D:2      | Bought a scroll labelled NAOSIS XUMP for 24 gold pieces
  2588 | D:4      | Noticed Robin
  2623 | D:3      | Reached XP level 5. HP: 27/52 MP: 4/4
  2655 | D:4      | Killed Robin
  2738 | D:4      | Noticed axecop's ghost (weakling HODe)
  2748 | D:4      | Noticed an ogre
  2748 | D:4      | Noticed a sky beast
  2749 | D:4      | Found a runed translucent gate.
  2749 | D:4      | Found a runed translucent gate.
  2749 | D:4      | Found a runed translucent gate.
  2808 | D:4      | HP: 1/53 [something/magic dart (7)]
  2808 | D:4      | Slain by an orc wizard

Illustrated notes

Levels and vault maps discovered:
D:1:      erik_arrival_orb_chamber, layout_basic,
          shapermc_ecumenical_altar_pompeii
D:2:      layout_basic, serial_shops, nicolae_shop_stone, basic_altar
D:3:      layout_basic, ebering_ghost_disaster_area, hex_intersection, uniq_ijyb
D:4:      layout_gridville, gammafunk_ghost_split,
          amcnicky_mini_rare_corridor_liquid, minivault_5, uniq_robin

Skill      XL: |  1  2  3  4  5 |
---------------+----------------+-----
Maces & Flails | 3 4 |  4.2
Dodging        | 3 |  3.3
Fighting       | 3 |  3.3
Stealth        | |  1.3

Action                   |  1- 3 |  4- 6 || total
-------------------------+-------+-------++-------
Melee: Mace              |   173 |    70 ||   243
       Punch             |     2 |     2 ||     4
       Unarmed           |     5 |       ||     5
  Use: Scroll            |       |     5 ||     5
 Stab: Sleeping          |     5 |     1 ||     6
Armor: Robe              |    65 |    38 ||   103
       Skin              |    13 |       ||    13
Dodge: Dodged            |    71 |    41 ||   112
